 Dungeon Crawl Stone Soup version 0.21.1-1-g345015f (webtiles) character file.

1236 vatarom the Poker (level 8, 0/61 HPs)
             Began as a Demonspawn Gladiator on May 13, 2018.
             Was an Initiate of Qazlal.
             Slain by an orc warrior
             ... wielding a +0 glaive
              (2 damage)
             ... on level 6 of the Dungeon.
             The game lasted 00:10:39 (5734 turns).

vatarom the Poker (Demonspawn Gladiator)            Turns: 5734, Time: 00:10:40

Health: 0/61       AC:  7    Str: 17 (19) XL:     8   Next: 24%
Magic:  10/10      EV: 12    Int:  9 (10) God:    Qazlal [......]
Gold:   410        SH:  4    Dex: 14 (17) Spells: 7/7 levels left

rFire    . . .     SeeInvis .   a - +0 trident
rCold    . . .     Gourm    .   (no shield)
rNeg     . . .     Faith    .   b - +0 leather armour
rPois    .         Spirit   .   c - +0 helmet
rElec    .         Reflect  .   j - +0 cloak
rCorr    .         Harm     .   k - +0 pair of gloves
MR       .....                  (no boots)
Stlth    +.........             (no amulet)
HPRegen  0.20/turn              (no ring)
MPRegen  0.12/turn              (no ring)

@: mighty, berserk cooldown, slowed, very slow
A: hooves 2, large bone plates 1, powered by pain 2
a: Renounce Religion


You were on level 6 of the Dungeon.
You worshipped Qazlal.
Qazlal was noncommittal.
You were full.

You visited 1 branch of the dungeon, and saw 6 of its levels.
You also visited: Sewer.

You collected 410 gold pieces.

Inventory:

Hand Weapons
 a - a +0 trident (weapon)
Missiles
 d - 5 throwing nets (quivered)
Armour
 b - a +0 leather armour (worn)
 c - a +0 helmet (worn)
 j - a +0 cloak (worn)
 k - a +0 pair of gloves (worn)
 o - a +0 buckler
Scrolls
 h - 3 scrolls of immolation
 l - 2 scrolls of enchant armour
 p - a scroll of fear
 r - a scroll of magic mapping
 u - a scroll of blinking {unknown}
Potions
 i - 2 potions of brilliance
 m - 5 potions of curing
 q - 2 potions of degeneration
 t - 3 potions of invisibility {unknown}
Comestibles
 f - 11 rations


   Skills:
 + Level 4.4 Fighting
 * Level 5.9 Polearms
 - Level 1.7 Throwing
 + Level 4.0 Armour
 - Level 2.6 Dodging
 - Level 4.0 Shields
 * Level 3.0 Invocations


You had 7 spell levels left.
You didn't know any spells.

Dungeon Overview and Level Annotations

Branches:
Dungeon (6/15)
 Temple: D:4-7

Altars:
Cheibriados
Fedhas
Gozag
Okawaru
Qazlal
Sif Muna
Vehumet
Wu Jian
Zin
The Shining One

Shops:
D:4 *

Annotations:
D:6 exclusion: oklob plant


Innate Abilities, Weirdness & Mutations

You have hoof-like feet.
You are partially covered in large bone plates. (SH +4)
You sometimes gain power by taking damage.


Message History

The orc wizard hits you but does no damage.
The orc warrior barely misses you.
You hit the orc wizard.
The orc wizard is heavily wounded.
The orc wizard hits you but does no damage.
You puncture the orc wizard!
You kill the orc wizard!
Qazlal accepts your kill.
Your Invocations skill increases to level 3!
The orc warrior hits you from afar with a glaive!
* * * LOW HITPOINT WARNING * * *
You are no longer berserk.
You are exhausted.
You feel yourself slow down.
Things that are here:
a dagger of flaming; a glowing robe; an orc corpse You barely miss the orc warrior.
Your kick misses the orc warrior. The orc warrior closely misses you.
You closely miss the orc warrior. The orc warrior hits you with a glaive.
You die...

................
#....................
#....................
.
#...........<........
..
#................####
...#................#
...'...........%....#
#..o.............#
#..o@............#
#####'#####......#
..... #......#
.........#......#
...........#......#
...........#......#
...(.......#.....)#
...........#......#
#......#


You could see an orc warrior and an orc.

Vanquished Creatures
  A sky beast (D:5)
  Purgy (Sewer)
  2 ogres
  A scorpion (D:5)
  4 wights (D:6)
  A howler monkey (D:4)
  A crimson imp (D:5)
  A jelly (D:3)
  A centaur zombie (D:6)
  3 hounds
  A bullfrog skeleton (D:6)
  An orc priest (D:5)
  2 iguanas (D:6)
  An orc wizard (D:6)
  3 worker ants
  5 adders
  7 gnolls (D:6)
  A shadow imp (D:6)
  A white imp (D:5)
  An ooze (D:2)
  An adder skeleton (D:4)
  4 worms
  2 dart slugs (D:1)
  5 leopard geckos
  5 orcs
  2 giant cockroaches
  3 goblins
  5 hobgoblins
  6 jackals
  2 quokkas (D:3)
  A ball python (D:5)
  A ball python skeleton (D:4)
  7 bats
  5 frilled lizards
  9 kobolds
  A leopard gecko skeleton (D:6)
  A quokka skeleton (D:4)
  7 rats
106 creatures vanquished.

Notes
Turn   | Place    | Note
-------+----------+-------------------------------------------
     0 | D:1      | vatarom the Demonspawn Gladiator began the quest for the Orb.
     0 | D:1      | Reached XP level 1. HP: 16/16 MP: 1/1
   261 | D:1      | Gained mutation: You have large cloven feet. [demonic ancestry]
   261 | D:1      | Reached XP level 2. HP: 16/22 MP: 2/2
   263 | D:1      | Reached skill level 3 in Polearms
   418 | D:1      | Reached skill level 1 in Armour
  1482 | D:2      | Gained mutation: You have hoof-like feet. [demonic ancestry]
  1482 | D:2      | Reached XP level 3. HP: 28/28 MP: 3/3
  1635 | D:2      | Found a glowing golden altar of the Shining One.
  1635 | D:2      | Found a blossoming altar of Fedhas.
  1643 | D:2      | Found a glowing silver altar of Zin.
  1643 | D:2      | Found a radiant altar of Vehumet.
  1646 | D:2      | Found an opulent altar of Gozag.
  1646 | D:2      | Found an ornate altar of the Wu Jian Council.
  2234 | D:3      | Gained mutation: You are partially covered in large bone plates. (SH +4) [demonic ancestry]
  2234 | D:3      | Reached XP level 4. HP: 23/34 MP: 4/4
  2922 | D:4      | Reached skill level 4 in Polearms
  2922 | D:4      | Gained mutation: You sometimes gain a little power by taking damage. [demonic ancestry]
  2922 | D:4      | Reached XP level 5. HP: 41/41 MP: 5/5
  3122 | D:4      | Noticed an ogre
  3132 | D:4      | Killed an ogre
  3132 | D:4      | Reached skill level 1 in Shields
  3188 | D:4      | Found Jishoi's Assorted Antiques.
  3350 | D:4      | Reached XP level 6. HP: 44/47 MP: 6/6
  3469 | D:4      | Found a deep blue altar of Sif Muna.
  3487 | D:5      | Entered Level 5 of the Dungeon
  3815 | D:5      | Found an iron altar of Okawaru.
  3908 | D:5      | Found a glowing drain.
  3918 | Sewer    | Entered a sewer
  3972 | Sewer    | Noticed Purgy
  3980 | Sewer    | Killed Purgy
  4210 | D:5      | Found a snail-covered altar of Cheibriados.
  4340 | D:5      | Reached XP level 7. HP: 49/53 MP: 7/7
  4448 | D:5      | Reached skill level 5 in Polearms
  4969 | D:6      | Found a stormy altar of Qazlal.
  4969 | D:6      | Noticed an oklob plant
  5043 | D:6      | Became a worshipper of Qazlal Stormbringer
  5425 | D:6      | Reached skill level 1 in Invocations
  5436 | D:6      | Gained mutation: You sometimes gain power by taking damage. [demonic ancestry]
  5436 | D:6      | Reached XP level 8. HP: 60/60 MP: 7/9
  5731 | D:6      | HP: 1/91 [orc warrior/glaive (15)]
  5734 | D:6      | Slain by an orc warrior

Skill      XL: |  1  2  3  4  5  6  7  8 |
---------------+-------------------------+-----
Polearms       | 3 4 5 |  5.9
Armour         | 1 2 3 4 |  4.0
Fighting       | 3 4 |  4.4
Shields        | 1 2 3 4 |  4.0
Invocations    | 1 3 |  3.0
Throwing       | |  1.7
Dodging        | |  2.6

Action                   |  1- 3 |  4- 6 |  7- 9 || total
-------------------------+-------+-------+-------++-------
Melee: Trident           |   119 |   181 |   150 ||   450
       Kick              |    22 |    46 |    35 ||   103
Throw: Throwing net      |       |     1 |       ||     1
  Use: Scroll            |       |     4 |     4 ||     8
       Potion            |       |     6 |     5 ||    11
 Stab: Sleeping          |     1 |       |       ||     1
  Eat: Chunk             |     4 |     5 |     1 ||    10
       Ration            |       |     1 |     2 ||     3
Armor: Leather armour    |    28 |    50 |    25 ||   103
Dodge: Dodged            |    51 |   118 |    59 ||   228
Block: Other             |       |    26 |    17 ||    43
